 Dungeon Crawl Stone Soup version 0.28-a0-915-gcd63401287 (webtiles) character file.

Game seed: 13540023504470751507

1511 night the Firebug (level 8, -1/72 (85) HPs)
             Began as a Hill Orc Fire Elementalist on Nov 25, 2021.
             Was a Follower of Vehumet.
             Slain by an orc warrior (3 damage)
             ... on level 6 of the Dungeon.
             The game lasted 00:17:35 (8577 turns).

night the Firebug (Hill Orc Fire Elementalist)      Turns: 8577, Time: 00:17:36

HP:   -1/72 (85)    AC: 24    Str:  9 (11) XL:     8   Next: 83%
MP:   1/15          EV:  2    Int: 16 (17) God:    Vehumet [*.....]
Gold: 265           SH:  0    Dex: 10 (11) Spells: 9/16 levels left

rFire   . . .      SeeInvis .   f - +0 mace
rCold   . . .      Faith    .   (no shield)
rNeg    . . .      Spirit   .   (armour currently unavailable)
rPois   +          Reflect  .   (helmet currently unavailable)
rElec   .          Harm     .   (cloak currently unavailable)
rCorr   .          Rampage  .   (gloves currently unavailable)
Will    .....      NoTele   +   (boots currently unavailable)
Stlth   +++.......              h - amulet of Efudyfaj {RegenMP Stlth+}
HPRegen 0.22/turn               q - ring of poison resistance
MPRegen 0.54/turn               (no ring)

@: tree-form, very slightly contaminated, heavily drained
A: stationary, stasis, torment immunity, boosted hp
a: Renounce Religion


You were on level 6 of the Dungeon.
You worshipped Vehumet.
Vehumet was aware of your devotion.
You were a tree.
You visited 2 branches of the dungeon, and saw 7 of its levels.

You collected 265 gold pieces.

Inventory:

Hand Weapons
 c - a +0 whip
 f - a +0 mace (weapon)
 n - a +1 hunting sling of flaming
Missiles
 b - 31 poisoned darts (quivered)
 e - 33 sling bullets
 g - 158 stones
 i - 5 boomerangs
 k - 45 arrows
 p - a throwing net
 w - 19 bolts
Armour
 a - a +0 robe (melded)
 r - a +1 pair of boots (melded)
Jewellery
 h - the amulet of Efudyfaj (around neck) {RegenMP Stlth+}
   (You took it off an orc on level 4 of the Dungeon)

   [amulet of magic regeneration]

   It increases your rate of magic regeneration.
   Stlth:     It makes you more stealthy.
 q - a ring of poison resistance (left branch)
 x - a +4 ring of protection
Scrolls
 j - 7 scrolls of identify
 l - a scroll of magic mapping {unknown}
 m - a scroll of enchant armour {unknown}
Potions
 d - a potion of cancellation
 o - a potion of resistance
 u - a potion of degeneration


   Skills:
 - Level 1.5 Dodging
 - Level 1.5 Stealth
 + Level 4.9 Spellcasting
 + Level 6.1 Conjurations
 + Level 7.5 Fire Magic


You had 9 spell levels left.
You knew the following spells:

 Your Spells              Type           Power      Damage    Failure   Level
a - Foxfire               Conj/Fire      100%       2x1d9     1%          1
b - Scorch                Fire           56%        2d8       1%          2
c - Flame Wave            Conj/Fire      25%        3d6       9%          4

Your spell library contained the following spells:

 Spells                   Type           Power      Damage    Failure   Level
 Shock                    Conj/Air       52%        1d6       4%          1
 Conjure Flame            Conj/Fire      25%        6-21      2%          3
 Inner Flame              Hex/Fire       16%        N/A       10%         3
 Dazzling Flash           Conj/Hex       26%        N/A       13%         3
 Agony                    Necr           3%         N/A       99%         5
 Silence                  Hex/Air        1%         N/A       99%         5


Dungeon Overview and Level Annotations

Branches:
Dungeon (6/15)             Temple (1/1) D:4

Altars:
Ashenzari
Cheibriados
Dithmenos
Elyvilon
Fedhas
Hepliaklqana
Kikubaaqudgha
Makhleb
Nemelex Xobeh
Qazlal
Ru
Sif Muna
Trog
Uskayaw
Vehumet
Wu Jian
Xom
Yredelemnul
The Shining One

Shops:
D:2 ?   D:3 (*   D:4 [


Message History

Vehumet accepts your kill.
The flame wave engulfs the orc warrior.
The orc warrior is severely wounded.
The flame wave engulfs the orc!
You kill the orc!
Vehumet accepts your kill.
The flame wave engulfs the orc wizard!
The orc wizard is severely wounded. (Press . to intensify the flame waves.)
The orc warrior hits you with a +2 flail of draining.
* * * LOW HITPOINT WARNING * * *
You feel drained.
The orc wizard hits you but does no damage.
Casting: Flame Wave (dangerous; 10% risk of failure)
Confirm with . or Enter, or press ? or * to list all spells.
Restarting spell: Flame Wave (dangerous; 10% risk of failure)
Press: ? - help, Dir - look around, f - activate A wave of flame ripples out!
The flame wave engulfs the orc warrior.
The orc warrior is severely wounded.
The flame wave engulfs something!
The flame wave engulfs the orc wizard!
You kill the orc wizard!
Vehumet accepts your kill.
You can now gain magical power from killing.
Vehumet offers you knowledge of Shock. (Press . to intensify the flame waves.)
Something hits you but does no damage.
The orc warrior hits you with a +2 flail of draining!
* * * LOW HITPOINT WARNING * * *
You feel drained.
* * * LOW HITPOINT WARNING * * *
Casting: Flame Wave (dangerous; 9% risk of failure)
Confirm with . or Enter, or press ? or * to list all spells.
Flames lash the orc warrior.
The orc warrior is almost dead.
The orc warrior's fire resistance burns away.
Something hits you but does no damage.
The orc warrior hits you with a +2 flail of draining!
* * * LOW HITPOINT WARNING * * *
You feel drained.
You die...

#o.o....# <.o.....#
.o......# ..# #..## ..
# #...### .###.
#.....### ##....# ###
##.......#####....#
#.#
#.))).......##....##
#.##
##.o♣................
##.##
##.......#####........
##...####.....####
###......
##...........###
##.#....
#.....##....##
#.##....
###..#####..##
#[##.... ##.## ##..#
#.#..... ##.## #..##
###...... #.## ##..#
######........


You could see an orc warrior (combustible).

Vanquished Creatures
  Eustachio (D:3)
  A steam dragon (D:5)
  An orc warrior (D:6)
  An ice beast (D:5)
  3 sky beasts (D:5)
  An ogre (D:5)
  A phantom (D:2)
  A water moccasin skeleton (D:5)
  A howler monkey (D:4)
  A jelly (D:3)
  2 orc priests
  3 hounds
  Jessica (D:2)
  An iguana (D:5)
  3 orc wizards (D:6)
  4 gnolls
  7 adders
  A shadow imp (D:6)
  An ufetubus (D:6)
  2 worms
  4 dart slugs
  12 orcs
  8 ball pythons
  4 endoplasms
  2 giant cockroaches
  8 hobgoblins
  3 jackals (D:5)
  4 quokkas
  5 bats
  2 frilled lizards
  4 goblins
  2 kobolds
  12 rats
107 creatures vanquished.

Vanquished Creatures (others)
  240 foxfires
240 creatures vanquished.

Grand Total: 347 creatures vanquished

Notes
Turn   | Place    | Note
-------+----------+-------------------------------------------
     0 | D:1      | night the Hill Orc Fire Elementalist began the quest for
                  | the Orb.
     0 | D:1      | Reached XP level 1. HP: 14/14 MP: 3/3
   319 | D:1      | Reached XP level 2. HP: 20/20 MP: 1/4
   322 | D:1      | Learned a level 2 spell: Scorch
  1031 | D:1      | Found a faded altar of an unknown god.
  1521 | D:2      | Reached skill level 2 in Spellcasting
  1521 | D:2      | Reached XP level 3. HP: 26/26 MP: 0/6
  1582 | D:2      | Found Zukhyush's Magic Scroll Boutique.
  1766 | D:2      | Noticed a phantom
  1784 | D:2      | Killed a phantom
  1785 | D:2      | Reached skill level 2 in Conjurations
  1785 | D:2      | Reached skill level 4 in Fire Magic
  1785 | D:2      | Reached XP level 4. HP: 13/33 MP: 0/7
  2023 | D:2      | Noticed Jessica
  2041 | D:2      | Killed Jessica
  2042 | D:2      | Reached XP level 5. HP: 26/38 MP: 0/8
  2853 | D:2      | Learned a level 4 spell: Flame Wave
  3237 | D:3      | Found Segethir's General Store.
  3394 | D:3      | Found a snail-covered altar of Cheibriados.
  3685 | D:3      | Found Rodipsum's Weapon Shop.
  4100 | D:3      | Reached skill level 5 in Fire Magic
  4100 | D:3      | Reached XP level 6. HP: 7/45 MP: 5/10
  4502 | D:4      | Found Mef Bif's Antique Armour Boutique.
  4555 | D:4      | Found a staircase to the Ecumenical Temple.
  4565 | Temple   | Entered the Ecumenical Temple
  4735 | Temple   | Became a worshipper of Vehumet
  4803 | D:4      | Found a blossoming altar of Fedhas.
  4889 | D:4      | HP: 6/45 [gnoll (6)]
  4920 | D:4      | HP: 5/45 [gnoll (6)]
  5531 | D:4      | Identified the amulet of Efudyfaj {RegenMP Stlth+}
  5631 | D:4      | Found a sacrificial altar of Ru.
  5733 | D:4      | Found a shimmering altar of Xom.
  5733 | D:4      | Found a sparkling altar of Nemelex Xobeh.
  5812 | D:4      | Noticed Eustachio
  6194 | D:3      | Killed Eustachio
  6195 | D:3      | Reached XP level 7. HP: 19/50 MP: 0/12
  6892 | D:5      | Entered Level 5 of the Dungeon
  6940 | D:5      | Reached skill level 6 in Fire Magic
  7144 | D:5      | Noticed a steam dragon
  7153 | D:5      | Killed a steam dragon
  7384 | D:5      | Reached skill level 5 in Conjurations
  7384 | D:5      | Reached XP level 8. HP: 25/57 MP: 8/14
  7838 | D:5      | Reached skill level 7 in Fire Magic
  8570 | D:6      | HP: 6/52 [orc warrior (4)]
  8572 | D:6      | HP: 2/78 [orc wizard/puff of flame (3)]
  8576 | D:6      | Reached * piety under Vehumet
  8576 | D:6      | Offered knowledge of Shock by Vehumet.
  8577 | D:6      | HP: 2/75 [orc warrior (8)]
  8577 | D:6      | Slain by an orc warrior

Illustrated notes

Levels and vault maps discovered:
D:1:      minmay_arrival_loop, layout_basic, chequers_ecumenical_altar_twisty
D:2:      layout_loops_corners, serial_shops, nicolae_shop_advertising_works
          [nicolae_subvault_shop_adworks], lightli_corner_chamber, uniq_jessica
D:3:      layout_basic, amcnicky_altar_gilded, serial_shops,
          nicolae_shop_bloodbath_and_beyond, nicolae_shop_trees
D:4:      layout_rooms, lemuel_doored_altar, fedhas_altar_1,
          gammafunk_temple_overflow_statue, lemuel_temple_firewalk_a,
          serial_shops, kennysheep_mini, minmay_increasing_density,
          uniq_eustachio
D:5:      layout_basic, kennysheep_generic_room_14
D:6:      layout_layer_cave, uniq_pikel
Temple:   nicolae_temple_great_sept

Skill      XL: |  1  2  3  4  5  6  7  8 |
---------------+-------------------------+-----
Spellcasting   | 2 3 4 |  4.9
Conjurations   | 2 3 4 5 6 |  6.1
Fire Magic     | 4 5 6 7 |  7.5
Dodging        | |  1.5
Stealth        | |  1.5

Action                   |  1- 3 |  4- 6 |  7- 9 || total
-------------------------+-------+-------+-------++-------
Melee: Mace              |     9 |    30 |    32 ||    71
 Cast: Foxfire           |    37 |    48 |    56 ||   141
       Scorch            |     6 |    45 |    25 ||    76
       Flame Wave        |       |     5 |     2 ||     7
  Use: Scroll            |     2 |     3 |       ||     5
       Potion            |       |     3 |     4 ||     7
Armor: Robe              |     7 |    14 |    11 ||    32
       Skin              |       |    10 |    10 ||    20
Dodge: Dodged            |    26 |    70 |    40 ||   136

Table legend: (Time is in decaauts)
 A = Elapsed time spent in this place.
 B = Non-inter-level travel time spent in this place.
 C = Inter-level travel time spent in this place.
 D = Time resting spent in this place.
 E = Time spent auto-exploring this place.
 F = Levels seen in this place.
 G = Mean time per level.
                   A        B        C        D        E       F      G
               +--------+--------+--------+--------+--------+-----+--------+
         Total |   8618 |   8426 |    192 |   1972 |   5139 |   7 | 1231.1 |
       Dungeon |   8435 |   8255 |    180 |   1972 |   5076 |   6 | 1405.8 |
        Temple |    182 |    170 |     12 |      0 |     63 |   1 |  182.0 |
               +--------+--------+--------+--------+--------+-----+--------+

Top non-repeatable levels by time:
     D:3: 2251 daAuts
     D:2: 1799 daAuts
     D:4: 1418 daAuts
     D:5: 1364 daAuts
     D:1: 1278 daAuts
     D:6: 322 daAuts
  Temple: 182 daAuts
